 Dungeon Crawl Stone Soup version 0.31.0-9-g3a7656b989 (webtiles) character file.

Game seed: 5030228767427751696

46 EnegeticOcto the Ruffian (level 3, 36/36 HPs)
             Began as a Troll Monk on Jan 31, 2024.
             Quit the game on level 4 of the Dungeon.
             The game lasted 00:00:34 (1475 turns).

EnegeticOcto the Ruffian (Troll Monk)               Turns: 1475, Time: 00:00:34

Health: 36/36      AC:  4    Str: 19    XL:     3   Next: 44%
Magic:  2/2        EV: 10    Int:  6    God:
Gold:   65         SH:  0    Dex: 14    Spells: 2/2 levels left

rFire   . .          .
                       - Unarmed
rCold   . . .        c - orb {light}
rNeg    . . .        a - +0 robe
rPois   .            (helmet restricted)
rElec   .            (no cloak)
rCorr   .            (gloves unavailable)
SInv    .            (boots unavailable)
Will    .....        (no amulet)
Stlth   +            (no ring)
HPRegen 1.06/turn    (no ring)
MPRegen 0.08/turn

%: no passive effects
@: glowing
A: large, unfitting armour, claws 3, regeneration 1, shaggy fur 1, tough skin 1
a: no special abilities


You were on level 4 of the Dungeon.
You visited 1 branch of the dungeon, and saw 3 of its levels.

You collected 65 gold pieces.

Inventory:

Missiles
 i - 4 curare-tipped darts (quivered)
Armour
 a - a +0 robe (worn)
 c - an orb of light (worn)
Jewellery
 g - a ring of wizardry
   (You found it on level 1 of the Dungeon)
Scrolls
 f - a scroll of identify {unknown}
 l - a scroll of amnesia {unknown}
 m - a scroll of noise {unknown}
 n - a scroll of summoning {unknown}
Potions
 b - 2 potions of ambrosia
 d - a potion of mutation {unknown}
 e - a potion of might {unknown}
 h - a potion of brilliance {unknown}
 j - a potion of degeneration {unknown}
 k - 2 potions of resistance {unknown}


   Skills:
 + Level 2.8 Fighting
 + Level 2.8 Dodging
 * Level 3.8 Unarmed Combat


You had 2 spell levels left.
You didn't know any spells.
Your spell library contained the following spells:

 Spells                   Type           Power      Damage    Failure   Level
 Anguish                  Hex/Necr       0%         N/A       99%         4
 Cause Fear               Hex            0%         N/A       99%         4
 Enfeeble                 Hex            0%         N/A       100%        7


Dungeon Overview and Level Annotations

Branches:
Dungeon (2/15) Zot: 16528

Altars:


Innate Abilities, Weirdness & Mutations

You are too large for most types of armour.
You have claws for hands.
Your natural rate of healing is unusually fast.
You are covered in fur. (AC +1)
You have tough skin. (AC +1)


Message History

You feel sick. The adder barely misses you.
You barely miss the adder.
The adder is heavily wounded.
You feel sick. The adder bites you but does no damage.
An adder is nearby!
An adder is nearby!
An adder is nearby!
You claw the adder!
You kill the adder!
You feel sick.
You are no longer poisoned.
No target in view!
No target in view!
No target in view!
A rat comes into view.
The rat squeaks loudly.
A rat is nearby!
A rat is nearby!
A rat is nearby!
The rat twitches its whiskers.
The rat misses you.
You scratch the rat but do no damage.
An endoplasm comes into view.
The rat bites you.
The endoplasm quivers.
You claw the rat!
You kill the rat!
An endoplasm is nearby!
An endoplasm is nearby!
An endoplasm is nearby!
The endoplasm freezes you.
You are frozen.
You claw the endoplasm!
You kill the endoplasm!
No target in view!
No target in view!
No target in view!
No target in view!
Found a stone staircase leading down.
There is a stone staircase leading down here.
There is a stone staircase leading down here.
Found a spear.
You see here a +0 spear.
Found a stone staircase leading up and a stone staircase leading down.
m - a scroll labelled XEGAUSIE VOAQ No target in view!
No target in view!
No target in view!
No target in view!
No target in view!
No target in view!
No target in view!
Found 6 stones.
b - 2 potions of ambrosia (gained 1)
n - a scroll labelled OPLOYK WOUX A kobold comes into view.
It is wielding a +0 dagger.
The kobold shouts!
The kobold throws a stone.
The stone hits you but does no damage.
A kobold is nearby!
A kobold is nearby!
A kobold is nearby!
You barely miss the kobold. The kobold hits you but does no damage.
You claw the kobold!
You kill the kobold!
No target in view!
No target in view!
No target in view!
No target in view!
Things that are here:
a +0 dagger; 2 stones
Found 4 stones.
Found a robe.
You see here a +0 war axe of venom.
No target in view!
No target in view!
No target in view!
No target in view!
No target in view!
No target in view!
No target in view!
No target in view!
No target in view!
You see here a +0 robe.
You see here a +0 war axe of venom.
You see here a +0 robe.
A bat comes into view.
The bat moves out of view.
The bat closely misses you. The bat hits you but does no damage.
A bat is nearby!
A bat is nearby!
You claw the bat!
You kill the bat!
No target in view!
No target in view!
No target in view!
A malevolent force fills the Dungeon...
You fall into a shaft and drop 2 floors!
The shaft crumbles and collapses.
Found 2 gold pieces and a scroll labelled OPLOYK WOUX.
Are you sure you want to abandon this character and quit the game? (Confirm with "yes".)

# ###.###
#.#.....##
.#......
......#
?.... ...
#.# #@#
#.# #.$
####


There were no monsters in sight!

Vanquished Creatures
  An adder (D:2)
  2 dart slugs (D:2)
  A ribbon worm (D:2)
  3 ball pythons (D:1)
  3 bats
  3 endoplasms
  3 giant cockroaches
  3 goblins
  2 hobgoblins
  2 kobolds
  A quokka (D:1)
  3 rats
27 creatures vanquished.

Notes
Turn   | Place    | Note
-------+----------+-------------------------------------------
     0 | D:1      | EnegeticOcto the Troll Monk began the quest for the Orb.
     0 | D:1      | Reached XP level 1. HP: 22/22 MP: 0/0
   223 | D:1      | Reached XP level 2. HP: 29/29 MP: 1/1
   972 | D:2      | Reached XP level 3. HP: 36/36 MP: 2/2
  1474 | D:2      | You fall into a shaft and drop 2 floors!
  1475 | D:4      | Quit the game

Illustrated notes

Levels and vault maps discovered:
D:1:      scummos_arrival_hexagon, layout_basic, minmay_misc_feat_hallway,
          minmay_misc_feat_more_columns
D:2:      layout_basic
D:4:      layout_loops_ring, temple_fountains, uniq_eustachio

Action                     || total
---------------------------++-------
  Melee: Unarmed           ||    47
 Armour: Robe              ||    29
  Dodge: Dodged            ||    15

Table legend:
 A = Kills in this place as a percentage of kills in the entire game.
 B = Kills by you in this place as a percentage of kills by you in the entire game.
 C = Kills by friends in this place as a percentage of kills by friends in the entire game.
 D = Other kills in this place as a percentage of other kills in the entire game.
 E = Experience gained in this place as a percentage of experience gained in the entire game.
 F = Experience gained in this place divided by the number of levels of this place that you have seen.
                   A       B       C       D       E      F
               +-------+-------+-------+-------+-------+----------------------
         Total | 100.0 | 100.0 |   N/A |   N/A | 100.0 |  22.0
       Dungeon | 100.0 | 100.0 |   N/A |   N/A | 100.0 |  22.0
               +-------+-------+-------+-------+-------+----------------------

Table legend: (Time is in decaauts)
 A = Elapsed time spent in this place.
 B = Non-inter-level travel time spent in this place.
 C = Inter-level travel time spent in this place.
 D = Time resting spent in this place.
 E = Time spent auto-exploring this place.
 F = Levels seen in this place.
 G = Mean time per level.
                   A        B        C        D        E       F      G
               +--------+--------+--------+--------+--------+-----+--------+
         Total |   1471 |   1447 |     24 |      0 |   1303 |   3 |  490.3 |
       Dungeon |   1471 |   1447 |     24 |      0 |   1303 |   3 |  490.3 |
               +--------+--------+--------+--------+--------+-----+--------+

Top non-repeatable levels by time:
     D:1: 876 daAuts
     D:2: 594 daAuts
     D:4: 0 daAuts
